 Dungeon Crawl Stone Soup version 0.31-a0-859-g9dce7d3444 (webtiles) character file.

Game seed: 17776602834061763436

303 Kurtz the Sneak (level 6, 0/57 HPs)
             Began as a Naga Delver on Oct 9, 2023.
             Splashed by a jelly's acid (4 damage)
             ... on level 4 of the Dungeon.
             The game lasted 00:06:28 (3955 turns).

Kurtz the Sneak (Naga Delver)                       Turns: 3955, Time: 00:06:28

Health: 0/57       AC: -9    Str: 15    XL:     6   Next: 38%
Magic:  6/6        EV:  7    Int: 13    God:
Gold:   33         SH:  4    Dex: 14    Spells: 5/5 levels left

rFire   . . .        v - +9 falchion of Fedhas, Holding {drain, Fragile rElec Int+3}
rCold   . . .        b - +0 buckler
rNeg    + . .        k - +0 scale mail
rPois   +            j - +0 helmet
rElec   +            (no cloak)
rCorr   .            (no gloves)
SInv    +            (no barding)
Will    .....        (no amulet)
Stlth   ++           n - ring of positive energy
HPRegen 0.29/turn    (no ring)
MPRegen 0.10/turn

%: no passive effects
@: corroded, very slow
A: AC +2, large, see invisible, deformed body, poison resistance, slowness 2,
spit poison 1, naga tail 1
a: Spit Poison


You were on level 4 of the Dungeon.
You visited 2 branches of the dungeon, and saw 6 of its levels.

You collected 131 gold pieces.
You spent 98 gold pieces at shops.

Inventory:

Hand Weapons
 a - a +0 hand axe
 v - the +9 falchion of Fedhas, Holding (weapon) {drain, Fragile rElec Int+3}
   (You found it on level 4 of the Dungeon)

   Int+3:     It affects your intelligence (+3).
   rElec:     It insulates you from electricity.
   Fragile:   It will be destroyed if unequipped.
Armour
 b - a +0 buckler (worn)
 j - a +0 helmet (worn)
 k - a +0 scale mail (worn)
Jewellery
 n - a ring of positive energy (left hand)
Wands
 g - a wand of digging (3)
Scrolls
 c - a scroll of fog
 d - a scroll of revelation
 e - a scroll of fear
 h - 4 scrolls of identify {unknown}
 l - 2 scrolls of teleportation {unknown}
 q - a scroll of immolation {unknown}
 t - 2 scrolls of acquirement {unknown}
 u - a scroll of poison {unknown}
Potions
 f - 3 potions of haste
 i - a potion of berserk rage {unknown}
 m - a potion of degeneration {unknown}
 o - 2 potions of attraction {unknown}
 p - 3 potions of heal wounds {unknown}
 r - a potion of cancellation {unknown}
 s - a potion of brilliance {unknown}
 w - a potion of ambrosia {unknown}


   Skills:
 - Level 3.7 Fighting
 * Level 5.1 Axes
 - Level 1.7 Armour
 - Level 1.5 Dodging
 - Level 7.2 Stealth
 - Level 1.4 Shields


You had 5 spell levels left.
You didn't know any spells.
Your spell library contained the following spells:

 Spells                   Type           Power      Damage    Failure   Level
 Volatile Blastmotes      Fire/Tloc      0%         2d10      99%         3
 Fulminant Prism          Conj/Hex       0%         3d5       100%        4
 Iskenderun's Mystic Bla  Conj/Tloc      0%         2d3       100%        4


Dungeon Overview and Level Annotations

Branches:
Dungeon (5/15)             Temple (1/1) D:4

Altars:
Cheibriados
Dithmenos
Elyvilon
Fedhas
Gozag
Makhleb
Ru
Sif Muna
Trog
Uskayaw
Vehumet
Wu Jian
Xom
Yredelemnul
The Shining One

Shops:
D:2 [([*

Annotations:
D:3 4 runed translucent doors, exclusion: 2 downstairs, laschroeter's ghost, amateur HuFi
D:4 2 transporters, exclusions: ball python, door and yak, Newt's ghost, amateur MfGl
D:5 exclusion: phantom


Innate Abilities, Weirdness & Mutations

Your serpentine skin is tough. (AC +2)
You have supernaturally acute eyesight. (SInv)
Armour fits poorly on your strangely shaped body.
Your system is resistant to poisons. (rPois)
You cover ground very slowly.
You can spit poison.
You have a snake-like lower body.


Message History

Anything else - Cancel.
Okay, then.
Okay, then.
Aiming: Spit Poison (1% risk of failure)
Press: ? - help, Shift-Dir - straight line, f - jelly
Aim: a jelly (wandering, hasn't noticed you, 100% to hit)
The splash of poison hits the jelly.
The jelly is poisoned.
The jelly is lightly wounded.
The jelly quivers.
Unknown command.
You hit the jelly but do no damage. You drain the jelly. The acid corrodes you!
Your hands burn!
The jelly is moderately wounded.
You have got your breath back.
The jelly hits you. The acid corrodes you!
You are splashed with acid!
You hit the jelly. The acid corrodes you!
Your hands burn!
The jelly is heavily wounded.
The jelly hits you.
You are splashed with acid.
You hit the jelly but do no damage.
Your hands burn!
The jelly is heavily wounded.
The jelly looks more healthy.
You block the jelly's attack. The jelly hits you.
You are splashed with acid.
You barely miss the jelly.
The jelly is heavily wounded.
The jelly barely misses you.
Unknown command.
You hit the jelly.
Your hands burn!
The jelly is severely wounded.
The jelly hits you. The acid corrodes you!
You are splashed with acid!
* * * LOW HITPOINT WARNING * * *
Unknown command.
You hit the jelly.
Your hands burn!
* * * LOW HITPOINT WARNING * * *
The jelly is severely wounded.
You block the jelly's attack. The jelly hits you.
* * * LOW HITPOINT WARNING * * *
You are splashed with acid.
* * * LOW HITPOINT WARNING * * *
You hit the jelly but do no damage.
Your hands burn!
You die...

##......#.............###..####..
#.......#.............# #..÷.....
#.......#.............# ##....##.
#.#.....#.............####...>+..
........+.............+..'....##.
.#.#....##.)..........####.......
.#.###.........................##
##...###.........(........####...
#........#.....J@.........# ####
#..>..##...#####..........#######
......#...## #######...#.......
##...##...# #.†.#.≈≈≈≈≈≈
.###.#....# #...#≈..≈§≈.
...#.#....# ##.##≈.≈...≈
##........# #.##≈.≈._.≈
##.#.....# #.##≈.≈.§.§ #.......#
#.##§..≈§§.


You could see a jelly (very drained).

Vanquished Creatures
  A black bear (D:4)
  A hound (D:4)
  2 iguanas
  3 adders
  4 worms
  3 dart slugs
  2 orcs
  8 bats
  9 endoplasms
  6 giant cockroaches
  8 goblins
  6 hobgoblins
  4 jackals (D:1)
  A quokka (D:1)
  6 ball pythons
  5 frilled lizards
  4 kobolds
  7 rats
80 creatures vanquished.

Notes
Turn   | Place    | Note
-------+----------+-------------------------------------------
     0 | D:5      | Kurtz the Naga Delver began the quest for the Orb.
     0 | D:5      | Reached XP level 1. HP: 21/21 MP: 1/1
    10 | D:5      | Noticed a phantom
    48 | D:5      | Reached XP level 2. HP: 14/28 MP: 2/2
   164 | D:3      | Found a large runed translucent door.
   212 | D:3      | Found a large runed translucent door.
   212 | D:3      | Found a large runed translucent door.
   217 | D:3      | Noticed laschroeter's ghost (amateur HuFi)
   641 | D:3      | Reached XP level 3. HP: 31/34 MP: 3/3
  1049 | D:2      | Found Ygrizooc's Assorted Antiques.
  1050 | D:2      | Found Achacvil's Armour Shoppe.
  1326 | D:1      | Reached XP level 4. HP: 34/42 MP: 4/4
  2136 | D:2      | Found Wyestoz's Weapon Shoppe.
  2341 | D:2      | Found Qysivo's Armour Emporium.
  2620 | D:3      | Found a large runed translucent door.
  2713 | D:3      | Reached skill level 5 in Axes
  2713 | D:3      | Reached XP level 5. HP: 8/49 MP: 5/5
  3060 | D:4      | Noticed a black bear
  3324 | D:2      | Bought a +0 buckler for 49 gold pieces
  3324 | D:2      | Bought a +0 helmet for 49 gold pieces
  3527 | D:4      | Identified the +9 falchion of Fedhas, Holding {drain,
                  | Fragile rElec Int+3}
  3533 | D:4      | Found a transporter.
  3581 | D:4      | Found a staircase to the Ecumenical Temple.
  3587 | Temple   | Entered the Ecumenical Temple
  3650 | D:4      | Found a white marble altar of Elyvilon.
  3765 | D:4      | Found a transporter.
  3766 | D:4      | Noticed Newt's ghost (amateur MfGl)
  3818 | D:4      | Reached skill level 1 in Armour
  3838 | D:4      | Noticed a yak
  3928 | D:4      | Killed a black bear
  3929 | D:4      | Reached skill level 1 in Shields
  3929 | D:4      | Reached XP level 6. HP: 57/57 MP: 6/6
  3955 | D:4      | Splashed by a jelly's acid

Illustrated notes

Levels and vault maps discovered:
D:1:      matt_arrival_grand_opening, layout_basic
D:2:      layout_rooms, serial_shops, nicolae_shop_overgrown_old_shop, shop,
          nicolae_shop_bloodbath_and_beyond, shop
D:3:      layout_basic, jmf_multi_god_temple2, ebering_ghost_disaster_area
D:4:      layout_basic, mainiacjoe_overflow_paths, minmay_temple_entry_slanted,
          gammafunk_ghost_mausoleum, minmay_manual_moon
D:5:      layout_loops_ring, serial_shops, nicolae_shop_tiny_statue_garden,
          nicolae_inconvenience_store, uniq_edmund
Temple:   eino_temple_water

Skill      XL: |  1  2  3  4  5 |
---------------+----------------+-----
Axes           | 3 4 5 |  5.1
Armour         | 1 |  1.7
Shields        | 1 |  1.4
Fighting       | |  3.7
Dodging        | |  1.5
Stealth        | |  7.2

Action                     |  1- 3 |  4- 6 || total
---------------------------+-------+-------++-------
  Melee: Hand axe          |    98 |   155 ||   253
         Punch             |     1 |     2 ||     3
         Falchion          |       |    27 ||    27
Ability: Spit Poison       |     3 |     8 ||    11
    Use: Potion            |       |     2 ||     2
   Stab: Sleeping          |     5 |     5 ||    10
 Armour: Leather armour    |    12 |       ||    12
         Scale mail        |    70 |   186 ||   256
         Skin              |       |     2 ||     2
  Dodge: Dodged            |    44 |    70 ||   114
  Block: Buckler           |       |     6 ||     6

Table legend: (Time is in decaauts)
 A = Elapsed time spent in this place.
 B = Non-inter-level travel time spent in this place.
 C = Inter-level travel time spent in this place.
 D = Time resting spent in this place.
 E = Time spent auto-exploring this place.
 F = Levels seen in this place.
 G = Mean time per level.
                   A        B        C        D        E       F      G
               +--------+--------+--------+--------+--------+-----+--------+
         Total |   4996 |   4476 |    520 |    726 |   2723 |   6 |  832.7 |
       Dungeon |   4958 |   4458 |    500 |    726 |   2723 |   5 |  991.6 |
        Temple |     38 |     19 |     19 |      0 |      0 |   1 |   38.0 |
               +--------+--------+--------+--------+--------+-----+--------+

Top non-repeatable levels by time:
     D:3: 2067 daAuts
     D:1: 1083 daAuts
     D:2: 985 daAuts
     D:4: 679 daAuts
     D:5: 143 daAuts
  Temple: 38 daAuts
